 Dungeon Crawl Stone Soup version 0.24.1 (webtiles) character file.

Game seed: 15883704023221603747, levelgen mode: deterministic

23 Destapler the Digger (level 2, -4/15 HPs)
             Began as a Gargoyle Earth Elementalist on Mar 29, 2020.
             Slain by a centaur zombie (5 damage)
             ... on level 2 of the Dungeon.
             The game lasted 00:03:31 (950 turns).

Destapler the Digger (Gargoyle Earth Elementalist)   Turns: 950, Time: 00:03:32

Health: -4/15      AC:  4    Str: 11    XL:     2   Next: 95%
Magic:  5/5        EV: 16    Int: 15    God:
Gold:   55         SH:  0    Dex: 10    Spells: 4/5 levels left

rFire    . . .     SeeInvis +   t - +0 whip
rCold    . . .     Gourm    +   (no shield)
rNeg     + . .     Faith    .   c - +0 robe
rPois    ∞         Spirit   .   (no helmet)
rElec    +         Reflect  .   (no cloak)
rCorr    .         Harm     .   (no gloves)
MR       .....                  (no boots)
Stlth    ++........             s - amulet of the gourmand
HPRegen  0.05/turn              a - +4 ring of evasion
MPRegen  0.09/turn              r - ring of see invisible

@: no status effects
A: negative energy resistance 1, electricity resistance, unbreathing,
petrification resistance, rot immunity, AC +2
a: no special abilities


You were on level 2 of the Dungeon.
You were not hungry.

You visited 1 branch of the dungeon, and saw 2 of its levels.

You collected 55 gold pieces.

Inventory:

Hand Weapons
 t - a +0 whip (weapon)
Missiles
 b - 115 stones (quivered)
Armour
 c - a +0 robe (worn)
 e - a +0 leather armour
Jewellery
 a - a +4 ring of evasion (left hand)
 f - an uncursed amulet of regeneration
 r - a ring of see invisible (right hand)
 s - an amulet of the gourmand (around neck)
Scrolls
 g - 2 scrolls of remove curse {unknown}
 l - a scroll of magic mapping {unknown}
 m - a scroll of identify {unknown}
 o - a scroll of blinking {unknown}
 p - 2 scrolls of teleportation {unknown}
 q - a scroll of enchant armour {unknown}
Potions
 h - a potion of degeneration {unknown}
 i - a potion of flight {unknown}
 j - a potion of ambrosia {unknown}
 k - a potion of curing {unknown}
 n - 2 potions of lignification {unknown}
Comestibles
 d - 5 rations


   Skills:
 - Level 1.5 Dodging
 + Level 2.9 Stealth
 + Level 2.4 Spellcasting
   Level 0.7 Transmutations
 + Level 4.1 Earth Magic


You had 4 spell levels left.
You knew the following spells:

 Your Spells              Type           Power        Failure   Level  Hunger
a - Sandblast             Erth           ##....       4%          1    #......

Your spell library contained the following spells:

 Spells                   Type           Power        Failure   Level  Hunger
 Passwall                 Tmut/Erth      #.......     12%         2    ###....
 Stone Arrow              Conj/Erth      #.....       28%         3    ###....
 Petrify                  Tmut/Erth      #.......     61%         4    #####..
 Lee's Rapid Deconstruct  Erth           ##........   73%         5    ######.


Dungeon Overview and Level Annotations

Branches:
Dungeon (2/15)

Altars:
Cheibriados


Innate Abilities, Weirdness & Mutations

You are resistant to torment.
Your stone body is resilient. (AC +2)
You are immune to poison.
You resist negative energy. (rN+)
You are resistant to electric shocks. (rElec)
You can survive without breathing.
You are immune to petrification.
You are immune to rotting.


Message History

The centaur zombie barely misses you. The centaur zombie hits you.
* * * LOW HITPOINT WARNING * * *
You are too injured to fight recklessly!
Casting: Sandblast (safe; 4% risk of failure)
Confirm with . or Enter, or press ? or * to list all spells.
Aiming: Sandblast (safe; 4% risk of failure)
Press: ? - help, Shift-Dir - straight line, f - centaur zombie
Aim: a centaur zombie (moderately damaged)
The blast of sand hits the centaur zombie!
The centaur zombie is heavily damaged.
b - 115 stones The centaur zombie closely misses you.
You see here 25 stones.
The centaur zombie completely misses you.
The centaur zombie closely misses you. The centaur zombie hits you.
* * * LOW HITPOINT WARNING * * *
You see here a spear.
The centaur zombie hits you.
You die...

.# ######. ###### #.#...#
##...... #####....# .......
....... .........#
.......###.....#######....#
.........# #.#..<.........#
.........# #......###...#.#
.........# #......# #...#.#
#.!....# #...@..#
#...#.###### #......#
#...Z..###...#.......
#......#
#..).........#.......
#......#
#..........#.#.......
+....(.#
#.##########.........
#......###.# ###.......
#####......# #.......
#.###### #....... #..#
#.......


You could see a centaur zombie.

Vanquished Creatures
  A dart slug (D:2)
  A worm (D:2)
  2 bats (D:1)
  A giant cockroach (D:1)
  2 goblins
  3 hobgoblins
  2 frilled lizards
  3 kobolds
  3 rats
18 creatures vanquished.

Notes
Turn   | Place    | Note
-------+----------+-------------------------------------------
     0 | D:1      | Destapler the Gargoyle Earth Elementalist began the quest
                  | for the Orb.
     0 | D:1      | Reached XP level 1. HP: 10/10 MP: 3/3
   455 | D:1      | Reached XP level 2. HP: 15/15 MP: 5/5
   601 | D:2      | Found a snail-covered altar of Cheibriados.
   642 | D:2      | Reached skill level 4 in Earth Magic
   950 | D:2      | Slain by a centaur zombie

Levels and vault maps discovered:
D:1:      dpeg_arrival_fog, layout_rooms, minmay_door_square, dk_noncrumbling_3
D:2:      layout_basic, lemuel_doored_altar, serial_glass, glass_columns_c,
          glass_columns_b, glass_columns_b, glass_columns_b, glass_columns_b,
          glass_columns_a

Skill      XL: |  1  2 |
---------------+-------+-----
Earth Magic    | 4 |  4.1
Dodging        | |  1.5
Stealth        | |  2.9
Spellcasting   | |  2.4
Transmutations | |  0.7

Action                   || total
-------------------------++-------
Melee: Unarmed           ||    27
       Whip              ||    39
 Cast: Sandblast         ||     9
 Stab: Sleeping          ||     5
  Eat: Chunk             ||     4
Armor: Robe              ||     6
Dodge: Dodged            ||    58
